[Event "*** Titled Tuesday Blitz"]
[Site "Chess.com"]
[Date "2020.12.01"]
[Round "7"]
[White "Nikolaj_6"]
[Black "Srisshhhtea"]
[Result "1-0"]
[WhiteElo "2630"]
[BlackElo "2278"]
[TimeControl "180+1"]
[EndTime "11:16:52 PST"]
[Termination "Nikolaj_6 won by checkmate"]

1. e4 e6 2. d4 d5 3. Nc3 Bb4 4. e5 c5 5. a3 Bxc3+ 6. bxc3 Ne7 7. a4 Qa5 8. Qd2 cxd4 9. cxd4 Qxd2+ 10. Bxd2 Nbc6 11.
Nf3 Bd7 12. Bc3 Nf5 13. Bd3 Rc8 14. Kd2 O-O 15. a5 Rc7 16. Rhb1 Rfc8 17. Rb3 h6 18. g4 Nfe7 19. Ne1 f6 20. f4 fxe5 21. fxe5 Be8 22. Rab1 Nd8 23. Bb4 Nec6 24. c3 Nxb4 25. cxb4 Nc6 26. Nc2 a6 27. Rf1 Na7 28. Rb2 Bb5 29. Rf3 Bxd3 30. Rxd3 Nb5 31. Ne1 Rc4 32. Nf3 Kf7 33. h4 Ke7 34. h5 Rf8 35. Ke3 Kd7 36.
Nd2 Rc1 37. Nb3 Rg1 38. Nc5+ Ke7 39. Rf2 Rg3+ 40. Ke2 Rxf2+ 41. Kxf2 Rxd3 42. Nxd3 Nxd4 43. Ke3 Nc6 44. Kf4 Nd8 45. Nc5 Kf8 46. b5 axb5 47.
Nxb7 Nc6 48. a6 Na7 49. Ke3 Ke7 50. Kd4 Kd7 51. Kc5 Kc7 52. Nd6 Kb8 53. Ne8 b4 54. Kxb4 Nc6+ 55. Kc5 Nxe5 56. Nxg7 Nxg4 57. Kb6 d4 58. a7+ Ka8 59. Nxe6 d3 60. Nc7# 1-0

[Event "*** Titled Tuesday Blitz"]
[Site "Chess.com"]
[Date "2020.12.01"]
[Round "7"]
[White "Zq1"]
[Black "Alomaterapia"]
[Result "1/2-1/2"]
[WhiteElo "2568"]
[BlackElo "2444"]
[TimeControl "180+1"]
[EndTime "11:16:52 PST"]
[Termination "Game drawn by repetition"]

1. d4 d5 2. c4 c6 3. cxd5 cxd5 4. Bg5 h6 5. Bh4 Qb6 6. Qd2 Nc6 7. e3 e6 8. Nc3 Nge7 9. Bd3 Ng6 10. Bxg6 fxg6 11. Nf3 Bd6 12. Bg3 Be7 13. h4 O-O 14. O-O Bd7 15. a3 Na5 16. Qc2 Nc4 17. Ne5 Nxe5 18. Bxe5 Be8 19. g3 g5 20. hxg5 Bxg5 21. Na4 Qd8 22.
Nc5 Qe7 23. Kg2 Rc8 24. Qe2 b6 25. Nd3 Bb5 26. Rad1 Rc6 27. Qg4 Rfc8 28. Rd2 Rc2 29. Rxc2 Rxc2 30. Qd1 Rc8 31. Rh1 Qf7 32. Bf4 Bf6 33.
Ne5 Bxe5 34. Bxe5 Qf5 35. Qf3 Qxf3+ 36. Kxf3 Rc2 37. b3 Bd3 38. Re1 Be4+ 39. Kg4 Rxf2 40.
Kh3 h5 41. g4 Rf3+ 42. Kh4 hxg4 43. Kxg4 Kf7 44. Rc1 Rxe3 45. Rc7+ Ke8 46. Rxg7 a5 47.
b4 Bf5+ 48. Kg5 Rg3+ 49. Kf6 Rxg7 50. Kxg7 Kd7 51. bxa5 bxa5 52. Kf6 Kc6 53. Kf7 Kb6 54. Ke7 Kb5 55. Bd6 Kc4 56. Be5 Bg4 57. Kf6 Kb3 58. Bd6 Kc3 59. Ke5 Bf5 60. Be7 a4 61. Bd6 Kc4 62. Be7 Kb3 63. Bd6 Kc4 64. Be7 Kb3 65.
Bd6 Kc4 1/2-1/2

[Event "*** Titled Tuesday Blitz"]
[Site "Chess.com"]
[Date "2020.12.01"]
[Round "7"]
[White "tvjosue"]
[Black "ambaixador"]
[Result "0-1"]
[WhiteElo "2550"]
[BlackElo "2451"]
[TimeControl "180+1"]
[EndTime "11:16:52 PST"]
[Termination "ambaixador won on time"]

1. e4 c6 2. Nc3 d5 3. Nf3 dxe4 4. Nxe4 Nf6 5. Ng3 Bg4 6. Bc4 e6 7. h3 Bxf3 8. Qxf3 Nbd7 9. Bb3 Bd6 10. d4 Qc7 11. O-O O-O 12. Re1 c5 13. c3 cxd4 14.
cxd4 Rac8 15. Bd2 Nb6 16. Ne4 Nxe4 17. Rxe4 Rfd8 18. Rae1 Bf8 19. Rf4 Nd5 20. Rh4 Qe7 21. g3 Qf6 22. Qh5 Qg6 23. Qf3 Nf6 24. Qxb7 Qd3 25.
Bc3 Nd5 26. Bxd5 exd5 27. Rf4 f6 28. Qxa7 Re8 29. Rf1 Re2 30. Qb7 Qc4 31. Rf3 Rce8 32. b3 Qc8 33. Qxd5+ Kh8 34. Qc4 Qxh3 35. d5 R2e4 36.
Qd3 Rg4 37. d6 Rd8 38. d7 Rg5 39. g4 Rxg4+ 40. Rg3 Bd6 41. Rxg4 Qxg4+ 42. Kh1 Qh4+ 43. Kg2 Qh2+ 44. Kf3 Qf4+ 45. Ke2 Rxd7 46. Qe3 Re7 47. Rd1 Rxe3+ 48. fxe3 Qh2+ 49. Kd3 h6 50. a4 Qa2 51. Kc4 Be5 52. Bxe5 fxe5 53. Rd3 Qe2 0-1

[Event "*** Titled Tuesday Blitz"]
[Site "Chess.com"]
[Date "2020.12.01"]
[Round "7"]
[White "Buffy7"]
[Black "Man-Chuk"]
[Result "0-1"]
[WhiteElo "2690"]
[BlackElo "2873"]
[TimeControl "180+1"]
[EndTime "11:16:53 PST"]
[Termination "Man-Chuk won by resignation"]

1. e4 c6 2. d4 d5 3. e5 Bf5 4. Nf3 e6 5. Be2 c5 6. O-O Nc6 7. c3 Rc8 8. a3 cxd4 9. Nxd4 Bg6 10. Nxc6 bxc6 11. c4 d4 12. Bd3 c5 13. Re1 Ne7 14.
b4 Qd7 15. b5 Nf5 16. Qc2 Be7 17. Nd2 O-O 18. Ne4 Qc7 19. Bf4 Rfd8 20. a4 a5 21.
Rad1 Qb7 22. Qd2 Rd7 23. Qxa5 Ra8 24. Qd2 Rxa4 25. Ra1 Qa8 26. Qb2 Rda7 27. Rxa4 Rxa4 28. b6 Rb4 29. Qa1 Qc6 30. Rb1 Qxb6 31. Qa8+ Bf8 32.
Ra1 Rb3 33. Bf1 h6 34. Nd6 Qb8 35. g4 Nh4 36. Bg3 Nf3+ 37. Kg2 Nd2 38. Be2 Bxd6 39. exd6 Be4+ 40. Qxe4 Nxe4 41. d7 Qd8 42. Bf3 f5 43.
gxf5 exf5 44. Be5 Qxd7 45. Ra8+ Kh7 46. h4 Rxf3 47. Kxf3 Nd2+ 48. Ke2 Nxc4 49. Bf4 Qe6+ 50. Kf1 Qe4 51. Ra7 Qxf4 52. Rxg7+ Kxg7 0-1

[Event "*** Titled Tuesday Blitz"]
[Site "Chess.com"]
[Date "2020.12.01"]
[Round "7"]
[White "marabu44"]
[Black "DinaBelenkaya"]
[Result "0-1"]
[WhiteElo "2270"]
[BlackElo "2389"]
[TimeControl "180+1"]
[EndTime "11:16:57 PST"]
[Termination "DinaBelenkaya won on time"]

1. Nf3 d5 2. c4 d4 3. e3 c5 4.
b4 Bg4 5. bxc5 Nc6 6. h3 Bxf3 7.
Qxf3 e5 8. d3 Bxc5 9. e4 Bb4+ 10. Bd2 Qa5 11. Qd1 Nge7 12. Be2 O-O 13. O-O Ng6 14. g3 a6 15. a3 Bxd2 16. Qxd2 b5 17. Rc1 Rfc8 18. Bg4 Rc7 19. Qxa5 Nxa5 20. Nd2 bxc4 21.
dxc4 Nf8 22. Rab1 g6 23. h4 Rc6 24. c5 f6 25. Rb6 Kf7 26. Nc4 Rxb6 27. cxb6 Nxc4 28. Rxc4 h5 29. Rc7+ Ke8 30. Rc8+ Rxc8 31. Bxc8 Kd8 32. Bxa6 Nd7 33. b7 Kc7 34. Bb5 Nc5 35.
f3 Nxb7 36. Kf2 Kb6 37. Bc4 Nd6 38. Bd5 Ka5 39. g4 Ka4 40. gxh5 gxh5 41. Bc6+ Kxa3 42. Be8 Kb2 43. Bxh5 d3 44. Ke3 Kc3 45. f4 exf4+ 46. Kxf4 d2 47. e5 fxe5+ 48. Kxe5 Nc4+ 49. Ke4 Nd6+ 50.
Ke5 Nc4+ 51. Kf4 Kd4 52. Bg4 Ne3 53. Be2 Ng2+ 54. Kg3 Ke3 55. Bg4 Nf4 0-1

[Event "*** Titled Tuesday Blitz"]
[Site "Chess.com"]
[Date "2020.12.01"]
[Round "7"]
[White "GodDMuhammad"]
[Black "kinga2008"]
[Result "0-1"]
[WhiteElo "2263"]
[BlackElo "2185"]
[TimeControl "180+1"]
[EndTime "11:16:58 PST"]
[Termination "kinga2008 won by checkmate"]

1. e4 c5 2. d4 cxd4 3. c3 dxc3 4. Nxc3 e6 5. f4 Bb4 6. Bd2 Nf6 7. Bd3 d5 8. e5 Nfd7 9. Nf3 Nc6 10. O-O Nc5 11. Bc2 d4 12. Ne4 d3 13. Nd6+ Kf8 14. Bb3 Nxb3 15.
Qxb3 Bxd6 16. exd6 Qxd6 17. Rad1 Qd5 18. Qa3+ Ke8 19.
Bc3 b6 20. Bxg7 Rg8 21. Rxd3 Qc5+ 22. Qxc5 bxc5 23. Rd6 Bd7 24. Bf6 Ne7 25. Rfd1 Nd5 26. R1xd5 exd5 27. Ne5 Be6 28. h3 Bxh3 29. Rxd5 Bxg2 30.
Rxc5 Rb8 31. b3 h5 32. Rc7 Bh3+ 33. Kh2 Be6 34. Rxa7 Rc8 35. Nc4 Bxc4 36. bxc4 Rg6 37. Be5 Rxc4 38. Ra8+ Kd7 39. Ra7+ Ke6 40. Ra6+ Kf5 41.
Ra5 Kg4 42. Ra3 Rc2+ 43. Kg1 h4 44. Kf1 h3 45. f5 Kxf5 46. Bb8 h2 47. Bxh2 Rxh2 48.
Rf3+ Ke4 49. Ra3 Rc6 50. Ra4+ Kd5 51. Kg1 Rd2 52. Rf4 Rc1+ 53. Rf1 Rxf1+ 54. Kxf1 Rxa2 55. Ke1 f5 56. Kf1 f4 57. Ke1 f3 58. Kf1 Ke4 59. Ke1 Ke3 60. Kf1 Ra1# 0-1

[Event "*** Titled Tuesday Blitz"]
[Site "Chess.com"]
[Date "2020.12.01"]
[Round "7"]
[White "rychessmaster1"]
[Black "gmcorrales"]
[Result "0-1"]
[WhiteElo "2577"]
[BlackElo "2788"]
[TimeControl "180+1"]
[EndTime "11:16:59 PST"]
[Termination "gmcorrales won by checkmate"]

1. d4 Nf6 2. Nc3 d5 3. Bf4 g6 4.
Qd2 Bg7 5. Bh6 Bxh6 6. Qxh6 c5 7. e3 cxd4 8. exd4 Nc6 9. O-O-O Bf5 10. h3 Rc8 11. g4 Be6 12. Nf3 Qa5 13. Ng5 Nb4 14. Nxe6 fxe6 15. Bd3 Rxc3 16. bxc3 Nxa2+ 17. Kb2 Nxc3 18. Ra1 Qb4+ 19. Kc1 Qxd4 20. Qe3 Qxe3+ 21. fxe3 a6 22. Kb2 Nfe4 23. Rhf1 Kd7 24. Rf7 Nd6 25. Rf4 Nce4 26. Bxe4 Nxe4 27. Ra4 Nd6 28. h4 e5 29. Rf3 e4 30. Rh3 Rf8 31. h5 g5 32. h6 Rf3 33.
Rh5 Nf7 34. Rb4 b5 35. Rb3 Rg3 36. Ra3 Rxg4 37. Rxa6 Nd6 38. Ra7+ Ke6 39. Kc3 Rg3 40. Kd4 Nf5+ 41. Kc5 Nxe3 42. Rh2 Ng4 43. Rd2 Nf6 44. Kxb5 Rc3 45. Kb4 Rc4+ 46. Kb3 g4 47. Ra5 Rc8 48. Rd1 Ke5 49. Ra7 e6 50. Rg7 d4 51. Rf1 e3 52. Rg5+ Kd6 53. Rxf6 e2 54. Rf4 e1=Q 55. Rxd4+ Ke7 56. Rg7+ Kf6 57. Rd3 Rb8+ 58. Kc4 Qb4# 0-1

[Event "*** Titled Tuesday Blitz"]
[Site "Chess.com"]
[Date "2020.12.01"]
[Round "7"]
[White "juancruzarias"]
[Black "Chernov_Mikhail"]
[Result "1-0"]
[WhiteElo "2499"]
[BlackElo "2295"]
[TimeControl "180+1"]
[EndTime "11:17:00 PST"]
[Termination "juancruzarias won by resignation"]

1. d4 d5 2. c4 Nc6 3. e3 Nf6 4.
Nc3 dxc4 5. Bxc4 e5 6. Nf3 exd4 7. exd4 Bd6 8. O-O O-O 9. h3 h6 10. Re1 Ne7 11. Ne5 c6 12. Qb3 Bxe5 13. dxe5 Nfd5 14.
Ne4 Qc7 15. Nd6 Be6 16. Qxb7 Qa5 17. b4 Qxb4 18. Qxb4 Nxb4 19. Bxe6 fxe6 20. Rd1 Ned5 21. a3 Na6 22. Bd2 Nc5 23. Rac1 Nd3 24. Rxc6 Nxf2 25.
Rf1 Nd3 26. Rxf8+ Rxf8 27. Nc4 Kf7 28. Ra6 Rb8 29. Rxa7+ Kg6 30. g4 Rc8 31. Ne3 N5f4 32. h4 Rb8 33. Ra6 Rb2 34. Nc4 Rc2 35. h5+ Kg5 36. Rc6 Kxg4 37. Ne3+ Kf3 38. Nxc2 Ne2+ 39.
Kh2 Nxe5 40. Rc7 Ng4+ 41. Kh3 Nf2+ 42. Kh4 Ng3 43. Rf7+ Nf5+ 44. Rxf5+ exf5 45. a4 Ne4 46. Bb4 Kf4 47. a5 Nf6 48. a6 Nd5 49. a7 Nb6 50.
Ba5 Na8 51. Nb4 Ke5 52. Na6 Kd6 53. Kg3 Kc6 54. Kf4 Kb7 55. Nc7 Kxa7 56. Nxa8 Kxa8 57.
Kxf5 Kb7 58. Kg6 Kc6 59. Kxg7 Kd7 60. Kxh6 Ke6 61. Kg7 Kf5 62. h6 Kg5 63. h7 Kf5 64. h8=Q Ke6 65. Qf8 1-0

[Event "*** Titled Tuesday Blitz"]
[Site "Chess.com"]
[Date "2020.12.01"]
[Round "7"]
[White "bratkoo"]
[Black "eCztery"]
[Result "0-1"]
[WhiteElo "2521"]
[BlackElo "2344"]
[TimeControl "180+1"]
[EndTime "11:17:01 PST"]
[Termination "eCztery won by checkmate"]

1. e4 c5 2. Nf3 g6 3. d4 cxd4 4. Nxd4 Nc6 5. Nc3 Bg7 6. Be3 Nf6 7. Bc4 O-O 8. Bb3 Ng4 9. Qxg4 Nxd4 10. O-O-O d5 11.
Qh4 Nxb3+ 12. axb3 d4 13. e5 Qa5 14. Bxd4 Qa1+ 15.
Nb1 Bf5 16. g4 Be4 17. Rhe1 Bd5 18. Rd3 Rac8 19. Kd2 Rfd8 20. Qxe7 Be4 21. Nc3 Qxe1+ 22. Kxe1 Bxd3 23. Qxb7 Bxc2 24. f4 Bxb3 25. Bxa7 Be6 26.
h3 Bh6 27. Qf3 Ra8 28. Bb6 Ra1+ 29. Ke2 Bc4+ 30. Kf2 Rf1+ 31. Kg2 Rxf3 32. Kxf3 Rb8 33. Bd4 Rxb2 34. Ne4 Rb3+ 35. Kf2 Bf8 36. Nf6+ Kg7 37. f5 gxf5 38. gxf5 Be7 39. Ne4 Bh4+ 40. Kg1 Bd5 41. e6+ Kf8 42. Bc5+ Kg8 43. f6 Bxe6 44.
Nf2 Bxf2+ 45. Kxf2 Rxh3 46. Be7 Rh5 47. Kg3 Rf5 48. Kg4 h5+ 49. Kh4 Kh7 50. Bd8 Kh6 51. Be7 Kg6 52. Bd8 Rxf6 53. Bxf6 Kxf6 54. Kxh5 Ke5 55.
Kg5 f5 56. Kh6 f4 57. Kh7 f3 58. Kh8 f2 59. Kh7 f1=Q 60. Kh8 Qg1 61. Kh7 Qg5 62. Kh8 Qh6# 0-1

[Event "*** Titled Tuesday Blitz"]
[Site "Chess.com"]
[Date "2020.12.01"]
[Round "7"]
[White "KononenkoD"]
[Black "arminmusovic"]
[Result "1-0"]
[WhiteElo "2372"]
[BlackElo "2508"]
[TimeControl "180+1"]
[EndTime "11:17:01 PST"]
[Termination "KononenkoD won by resignation"]

1. d4 d5 2. c3 c5 3. Nf3 cxd4 4. cxd4 Nc6 5. Nc3 Nf6 6. Bf4 a6 7. e3 g6 8. Bd3 Bg7 9. O-O O-O 10. Ne5 Re8 11.
Nxc6 bxc6 12. Na4 Nd7 13. Rc1 e5 14. dxe5 Nxe5 15. Be2 h5 16. h3 Bf5 17. Bxe5 Bxe5 18.
Rxc6 Qh4 19. f4 Bg7 20. Nc3 Rxe3 21. Nxd5 Rxh3 22. gxh3 Qg3+ 23. Kh1 Qxh3+ 24. Kg1 Qg3+ 25. Kh1 Re8 26. Bf3 Qh3+ 27. Kg1 Qg3+ 28. Kh1 Kh8 29. Rc3 Qh3+ 30. Kg1 Qg3+ 31. Bg2 Bxc3 32. bxc3 Re4 33. Nf6 Qe3+ 34. Rf2 Qe1+ 35. Qxe1 Rxe1+ 36. Kh2 Re6 37. Nd5 Kg7 38. Nb4 a5 39. Nd5 Rc6 40.
Rd2 Rc5 41. Rd4 Be6 42. c4 h4 43. Kg1 h3 44. Bf1 a4 45. Kh2 Bxd5 46. cxd5 Rc7 47. Kxh3 Rc3+ 48. Kg2 Rc8 49. Kf3 Rd8 50. Bd3 a3 51. d6 Kf6 52. Bc4 g5 53. fxg5+ Kxg5 54. d7 Kf6 55. Bb5 Ke5 56. Ra4 f5 57. Rxa3 Rh8 58.
Ra5 Rh3+ 59. Kg2 Rh8 60. Ra6 Kf4 61. Rc6 Rg8+ 62. Kf2 Rh8 63. Rc4+ Kg5 64. Rc8 Rh2+ 65. Kg1 Rd2 66. d8=Q+ Rxd8 67. Rxd8 Kf4 68. Rf8 Kg3 69. a4 f4 70. a5 f3 71. a6 f2+ 72. Kf1 1-0

[Event "*** Titled Tuesday Blitz"]
[Site "Chess.com"]
[Date "2020.12.01"]
[Round "7"]
[White "GM_LOADING"]
[Black "03revilo"]
[Result "1-0"]
[WhiteElo "2472"]
[BlackElo "2332"]
[TimeControl "180+1"]
[EndTime "11:17:03 PST"]
[Termination "GM_LOADING won by resignation"]

1. Nf3 Nf6 2. g3 d5 3. Bg2 e6 4. c4 dxc4 5. Qa4+ Bd7 6. Qxc4 c5 7. O-O Nc6 8. d4 cxd4 9. Nxd4 Rc8 10. Nc3 Be7 11. Rd1 Ne5 12. Qb3 b6 13. Bf4 Ng6 14. Nc6 Rxc6 15. Bxc6 O-O 16. Bxd7 Nxd7 17. Qb5 Nxf4 18.
gxf4 Bc5 19. Rxd7 Qh4 20. Ne4 Qg4+ 21. Ng3 h5 22. Qd3 h4 23. Qf3 Qg6 24. Rad1 hxg3 25. hxg3 Qf6 26. b3 g6 27. e4 Kg7 28. e5 Qf5 29. Kg2 Rh8 30. Rh1 Rxh1 31. Kxh1 Qb1+ 32. Kg2 Qxa2 33. Qb7 Qxf2+ 34. Kh3 Qf1+ 35. Qg2 Qxg2+ 36. Kxg2 a5 37. Kf3 Kf8 38. Ke4 Ke8 39. Rb7 Bf2 40.
g4 Bc5 41. f5 gxf5+ 42. gxf5 exf5+ 43. Kxf5 Bf2 44. Ke4 Bc5 45. Kd5 Bf2 46. Kc6 Bc5 47. Rxb6 Bxb6 48. Kxb6 Ke7 49. Kxa5 Ke6 50. b4 Kxe5 51.
b5 Kd6 52. b6 f5 53. Ka6 f4 54. b7 f3 55. b8=Q+ Kd5 56. Qb7+ 1-0

[Event "*** Titled Tuesday Blitz"]
[Site "Chess.com"]
[Date "2020.12.01"]
[Round "7"]
[White "Rainmond"]
[Black "Sebastian"]
[Result "0-1"]
[WhiteElo "2797"]
[BlackElo "2951"]
[TimeControl "180+1"]
[EndTime "11:17:04 PST"]
[Termination "Sebastian won by resignation"]

1. e4 c5 2. Nf3 d6 3. d4 cxd4 4. Nxd4 Nf6 5. Nc3 a6 6. Bc4 e6 7. a4 Nc6 8. Be3 Be7 9. O-O O-O 10. Re1 Bd7 11. Nb3 Rc8 12. a5 Ne5 13. Be2 Nc4 14. Bxc4 Rxc4 15. Bb6 Qc8 16. Qd3 e5 17. Nd2 Rc6 18. Nf1 Bd8 19. Be3 h6 20. f3 Be6 21. Qd2 b5 22. axb6 Bxb6 23. Kh1 Rd8 24. Qf2 Bc7 25. Qh4 d5 26. Bxh6 d4 27. Bxg7 Kxg7 28.
Qg5+ Kf8 29. Qxf6 dxc3 30. bxc3 Ke8 31. Rad1 Rcd6 32. Ra1 Rc6 33. Ng3 Bd6 34. Nh5 Kd7 35. Qg5 Kc7 36. Rab1 Rb6 37. Rbd1 Qb7 38. Nf6 Qc6 39.
Nd5+ Bxd5 40. Rxd5 Rb5 41. Rd3 Rc5 42. Qf6 Rd7 43.
Red1 Rxc3 44. R3d2 Rc5 45. h4 Rxc2 46. Rd5 Rc1 47. h5 Rxd1+ 48. Rxd1 Qc2 49. Rd5 Qc1+ 50. Kh2 Qf4+ 51. Qxf4 exf4 52. h6 Rd8 53. e5 Bf8 54.
Ra5 Kb6 55. Ra4 Bxh6 56. Re4 Re8 57. e6 Rxe6 0-1

[Event "*** Titled Tuesday Blitz"]
[Site "Chess.com"]
[Date "2020.12.01"]
[Round "7"]
[White "Lupul_Cenusiu"]
[Black "esapunov"]
[Result "0-1"]
[WhiteElo "2580"]
[BlackElo "2801"]
[TimeControl "180+1"]
[EndTime "11:17:04 PST"]
[Termination "esapunov won on time"]

1. d4 Nf6 2. Bg5 d5 3. Nd2 c5 4. dxc5 Qa5 5. c3 Qxc5 6. Ngf3 Nc6 7. Be3 Qa5 8. Nb3 Qc7 9. g3 e5 10. Bg2 h6 11. O-O b6 12. Rc1 Bb7 13. Nh4 Rd8 14. h3 g6 15. Qd2 Bg7 16. Rfd1 Kf8 17. f4 exf4 18. Bxf4 Qe7 19. Rf1 Kg8 20. Rcd1 Kh7 21. Qc2 Rhe8 22. Kh2 Ne4 23. Nd2 f5 24. Bf3 Bc8 25. Ng2 g5 26. Bxe4 fxe4 27. Be3 Qe6 28. g4 Kh8 29. Rf2 Qe5+ 30. Kg1 Qg3 31. Nf1 Qxh3 32.
Qb3 Na5 33. Qa4 Bd7 34. Qb4 Bxg4 35. Bd4 Nc6 36. Bxg7+ Kxg7 37. Qa4 Bd7 38. c4 d4 39. Qb5 Qe6 40. Qd5 e3 41. Rf3 Bc8 42. Qxe6 Bxe6 43.
Ng3 Bxc4 44. b3 Bd5 45. Rf5 Kg6 46. Rff1 h5 47. Kh2 h4 48. Nh1 Rf8 49. Rg1 Kh5 50.
Ne1 Be4 51. Nd3 Bxd3 52. Rxd3 Rf4 53. Rdd1 Ne5 54. Rg2 Ng4+ 55. Kg1 Rdf8 56. Re1 b5 57. Rd1 b4 58. Rc1 a5 59. Re1 Nf2 0-1

[Event "*** Titled Tuesday Blitz"]
[Site "Chess.com"]
[Date "2020.12.01"]
[Round "7"]
[White "Matols"]
[Black "Xeniya2005"]
[Result "0-1"]
[WhiteElo "2231"]
[BlackElo "2434"]
[TimeControl "180+1"]
[EndTime "11:17:04 PST"]
[Termination "Xeniya2005 won on time"]

1. d4 Nf6 2. c4 e6 3. g3 b6 4. Bg2 d5 5. cxd5 exd5 6. Nf3 Be7 7.
O-O O-O 8. Nc3 Bb7 9. Ne5 Nbd7 10. Bf4 a6 11. Rc1 Rc8 12. a3 Re8 13. b4 Bd6 14.
Nd3 Bxf4 15. Nxf4 c6 16. e3 Ne4 17. Qc2 Ndf6 18. Bh3 Ra8 19. Nce2 Nd6 20. Nd3 Nc4 21. a4 Qd6 22. Rfd1 Re7 23. Qb3 Rae8 24. b5 axb5 25.
axb5 Ne4 26. bxc6 Bxc6 27. Nef4 Qf6 28. Bg2 g5 29. Ne2 Ned2 30. Qa2 Nf3+ 31. Kh1 h5 32. Nb4 Bb7 33. Nd3 Kg7 34. Ng1 Nxg1 35. Kxg1 h4 36. Qb3 Qf5 37. Nb4 h3 38. Bh1 g4 39. Rb1 Nd6 40. Nd3 Ne4 41. Nf4 Rc7 42. Qxb6 Rec8 43. Rb2 Ba8 44. Qa5 Rc1 45. Rb1 R1c2 46. Qa3 Nxf2 47.
Qd6 Nxh1 48. Rf1 Qe4 49. Qe5+ Qxe5 50. dxe5 Rd2 51. Kxh1 Rcc2 0-1

[Event "*** Titled Tuesday Blitz"]
[Site "Chess.com"]
[Date "2020.12.01"]
[Round "7"]
[White "CheckThis4"]
[Black "j_coca"]
[Result "1-0"]
[WhiteElo "2552"]
[BlackElo "2376"]
[TimeControl "180+1"]
[EndTime "11:17:06 PST"]
[Termination "CheckThis4 won by resignation"]

1. d4 f5 2. Bg5 d5 3. e3 Nc6 4. c4 Be6 5. Nc3 Nf6 6. Nh3 Qd7 7. Nf4 Bf7 8. Bxf6 gxf6 9. cxd5 Nb4 10.
Qb3 Nxd5 11. Nfxd5 c6 12. Bc4 b5 13. Nc7+ Qxc7 14. Bxf7+ Kd8 15. Rc1 Qd6 16. Qe6 f4 17. Qxd6+ exd6 18. exf4 h5 19. O-O h4 20. h3 Bh6 21. g3 Rh7 22. Be6 hxg3 23. fxg3 Rg7 24.
Kh2 Ke7 25. d5 b4 26. Ne4 cxd5 27. Bxd5 Rf8 28. Rc7+ Kd8 29. Rxg7 Bxg7 30. Nxd6 f5 31. Be6 Bxb2 32. Nxf5 Rf6 33. Re1 Bc3 34. Re2 a5 35. g4 a4 36. g5 Rf8 37. g6 b3 38. axb3 axb3 39. Bxb3 Rxf5 40. Kg3 Rf6 41. Bf7 Rd6 42. Kg4 Rd1 43. h4 Bf6 44. Rh2 Rg1+ 45. Kf5 Bg7 46. h5 Bh6 47. Kf6 Bxf4 48. Rf2 Be3 49. Rf3 Bd4+ 50. Ke6 Bg7 51. Rd3+ Kc7 52. Rd7+ Kc6 53. Be8 Kc5 54. Rxg7 Re1+ 55. Kf7 Kd6 56. h6 Re7+ 57. Kf8 Re6 58. h7 Rf6+ 59. Rf7 Rxg6 60. h8=Q Rg5 61. Qf6+ Kd5 62. Qxg5+ Kd4 63. Rf4+ 1-0

[Event "*** Titled Tuesday Blitz"]
[Site "Chess.com"]
[Date "2020.12.01"]
[Round "7"]
[White "GukeshDommaraju"]
[Black "Duhless"]
[Result "0-1"]
[WhiteElo "2889"]
[BlackElo "3009"]
[TimeControl "180+1"]
[EndTime "11:17:07 PST"]
[Termination "Duhless won by checkmate"]

1. d4 Nf6 2. Nf3 e6 3. Bf4 b6 4. e3 Bb7 5. Nbd2 d6 6. Bd3 Nbd7 7. O-O g6 8. h3 Bg7 9. c3 O-O 10. Qe2 Qe7 11. Bh2 a5 12. e4 e5 13. Rfe1 Rfe8 14.
Rac1 Bh6 15. Bb5 c6 16. Bd3 c5 17. d5 Nh5 18. Bb5 Red8 19. Rcd1 Bxd2 20. Nxd2 Nf8 21.
Nc4 Qc7 22. Qf3 Ba6 23. Na3 Bxb5 24. Nxb5 Qd7 25. a4 Rab8 26. g4 Ng7 27. Bg3 f5 28. Bh4 Re8 29. gxf5 gxf5 30. Bf6 Ng6 31. Bxg7 Kxg7 32.
exf5 Nf4 33. Kh2 Kh8 34. Rg1 Rbd8 35. Rg5 h6 36. Rg4 Qxf5 37. Rdg1 Re7 38. Qg3 Qf7 39. Qh4 Nh5 40. f4 exf4 41. Rg6 Re2+ 42. R6g2 Rxg2+ 43. Rxg2 Rd7 44. Qg4 f3 45. Rf2 Qxd5 46.
Qxf3 Qe5+ 47. Kh1 Rg7 48. Qf8+ Kh7 49. Rf7 Qe1+ 50. Rf1 Ng3+ 51. Kg2 Nxf1+ 52. Kf3 Qe3# 0-1

[Event "*** Titled Tuesday Blitz"]
[Site "Chess.com"]
[Date "2020.12.01"]
[Round "7"]
[White "LPSupi"]
[Black "Gurvich_Vitaly"]
[Result "1-0"]
[WhiteElo "2891"]
[BlackElo "2604"]
[TimeControl "180+1"]
[EndTime "11:17:07 PST"]
[Termination "LPSupi won by resignation"]

1. e4 e5 2. Nf3 Nc6 3. Bc4 Nf6 4. d3 h6 5. O-O d6 6. c3 g6 7. Re1 Bg7 8. Nbd2 O-O 9. Nf1 Be6 10. Bxe6 fxe6 11.
b4 a6 12. a4 Nh5 13. Rb1 Qd7 14. b5 axb5 15. axb5 Ne7 16. d4 exd4 17. cxd4 Ra5 18.
Qd3 Rfa8 19. Bd2 Ra3 20. Rb3 Rxb3 21. Qxb3 c6 22. bxc6 bxc6 23. Rc1 Nf6 24. Ng3 Kh7 25. e5 dxe5 26. dxe5 Nfd5 27. h4 Nf5 28. h5 Nxg3 29. hxg6+ Kxg6 30. fxg3 Kh7 31. Qc2+ Kh8 32. g4 Rc8 33. g5 hxg5 34. Kf2 Qa7+ 35. Kg3 Kg8 36. Rh1 Ne3 37. Qg6 Nf5+ 38. Kg4 Qa4+ 39. Kxg5 Qc4 40. g4 Ng3 41. Qh7+ Kf8 42. Re1 Rd8 43. Kh4 Nf1 44.
Bh6 Rd7 45. Qh8+ Ke7 46. Qxg7+ Kd8 47. Qf8+ Kc7 48. Qf4 Qd3 49. Kh3 Nd2 50. Kg3 Nb3 51. Bf8 c5 52. Bd6+ Kc8 53. Qf8+ Kb7 54. Qb8+ Ka6 55.
Qc8+ Rb7 56. Qc6+ Rb6 57. Qa8+ Kb5 58. Qe4 Qd2 59. Nxd2 1-0

[Event "*** Titled Tuesday Blitz"]
[Site "Chess.com"]
[Date "2020.12.01"]
[Round "7"]
[White "MillyNeuf"]
[Black "MikeSailer"]
[Result "1/2-1/2"]
[WhiteElo "2319"]
[BlackElo "2158"]
[TimeControl "180+1"]
[EndTime "11:17:11 PST"]
[Termination "Game drawn by repetition"]

1. e4 d5 2. exd5 Qxd5 3. Nc3 Qd6 4. Bc4 Nf6 5. Nge2 c6 6. O-O Bg4 7. d3 e6 8. Qe1 Be7 9. Bf4 Qd8 10. h3 Bh5 11. Bg3 Nbd7 12. a4 a5 13. Kh1 Nb6 14. Bb3 O-O 15. Nf4 Bg6 16. Nxg6 hxg6 17. Qe2 Nbd5 18. Nxd5 cxd5 19. c3 Bd6 20. Bxd6 Qxd6 21. d4 Ne4 22. Bc2 f5 23. Kg1 Rac8 24. Rfe1 Rf6 25.
Qb5 b6 26. Qa6 Rcf8 27. Qe2 g5 28. f3 Ng3 29. Qe5 Qxe5 30. Rxe5 Kf7 31. Rae1 Nh5 32. Kf2 Nf4 33. Rh1 Rb8 34. g3 Ng6 35. Ree1 b5 36. Rb1 b4 37. Bd3 Ne7 38. Rhc1 Rh6 39. Kg2 Rhh8 40.
b3 bxc3 41. Rxc3 Rhc8 42. Rbc1 Rxc3 43. Rxc3 Rb4 44. Rc5 Rxb3 45. Be2 Rb4 46. Rxa5 Rxd4 47. Ra7 Kf6 48. a5 Rd2 49. Kf1 Nc6 50. Ra8 Nd4 51. Ba6 Nxf3 52. Bb7 e5 53. a6 e4 54. a7 Nh2+ 55. Ke1 Nf3+ 56. Kf1 Nh2+ 57. Ke1 Nf3+ 58.
Kf1 1/2-1/2

[Event "*** Titled Tuesday Blitz"]
[Site "Chess.com"]
[Date "2020.12.01"]
[Round "7"]
[White "PotapovaM"]
[Black "Manukyan_Artak"]
[Result "1-0"]
[WhiteElo "2584"]
[BlackElo "2363"]
[TimeControl "180+1"]
[EndTime "11:17:12 PST"]
[Termination "PotapovaM won on time"]

1. d4 Nf6 2. c4 e6 3. Nf3 b6 4. g3 Bb7 5. Bg2 c5 6. d5 exd5 7. Nh4 g6 8. Nc3 Bg7 9. O-O O-O 10. cxd5 d6 11. Re1 Na6 12. e4 Nc7 13. a4 Re8 14. Be3 Qd7 15. Qc2 Ng4 16. Bf4 a6 17. Bh3 Bd4 18. Kg2 Bc8 19. f3 Ne3+ 20. Bxe3 Qxh3+ 21. Kh1 Bxe3 22. Rxe3 Bb7 23. Qg2 Qd7 24. Rae1 b5 25.
b3 Re7 26. Qe2 Rae8 27. Ng2 b4 28. Nb1 a5 29. Nd2 Ba6 30. Nc4 Na8 31. Qd2 Bxc4 32. bxc4 Nb6 33. Qe2 Qxa4 34. f4 b3 35. e5 Qxc4 36.
Qxc4 Nxc4 37. Rxb3 dxe5 38. Rc3 Nd6 39. Rxc5 exf4 40.
Rxe7 Rxe7 41. Nxf4 a4 42. Ra5 Re4 43. Ra6 Nf5 44.
Kg2 Rd4 45. Kf3 h5 46. Ne2 Rxd5 47. Rxa4 Rd3+ 48. Kf2 Rd2 49. Ke1 Rb2 50. Ra7 Kg7 51.
Nf4 Rxh2 52. Ne6+ Kf6 53. Nd8 Nh6 54. Kf1 Rd2 55. Ra6+ Kg7 56. Nc6 1-0

[Event "*** Titled Tuesday Blitz"]
[Site "Chess.com"]
[Date "2020.12.01"]
[Round "7"]
[White "FrostNova"]
[Black "dropstoneDP"]
[Result "1-0"]
[WhiteElo "3017"]
[BlackElo "2914"]
[TimeControl "180+1"]
[EndTime "11:17:14 PST"]
[Termination "FrostNova won by checkmate"]

1. e4 e5 2. Nf3 Nf6 3. Nxe5 d6 4. Nf3 Nxe4 5. c4 Nc6 6. d4 d5 7. Nc3 Bb4 8. Qc2 Bg4 9. Be3 O-O 10. a3 Bxc3+ 11.
bxc3 Re8 12. Be2 dxc4 13. Bxc4 Qf6 14. Be2 Qg6 15. O-O Ng3 16. Bd3 Bf5 17. Rfd1 Bxd3 18. Qxd3 Nf5 19. Bf4 Nh4 20. Qxg6 Nxf3+ 21. gxf3 hxg6 22.
Bxc7 Rac8 23. Bg3 Na5 24. Rac1 Nc4 25. d5 Red8 26. a4 Nb6 27. d6 Nxa4 28. c4 Rc6 29.
Rd4 Rd7 30. Ra1 Nc3 31. Kf1 b5 32. Re1 f6 33. Re7 Rxe7 34. dxe7 Kf7 35. Rd7 Re6 36. Bd6 bxc4 37. Rd8 Rxe7 38. Bxe7 Kxe7 39. Rc8 Nd5 40. Rxc4 g5 41. Ra4 Kf7 42. Rxa7+ Kg6 43. Ra4 Kf5 44. Ra5 Ke6 45. Ke2 Nf4+ 46. Ke3 Kf7 47. Ke4 Kg6 48. h4 Ne6 49. hxg5 Nxg5+ 50. Ke3 Nf7 51. Kf4 Nd6 52. Ra6 Nf5 53. Ra5 Ne7 54. Kg4 Nc6 55. Ra6 Ne5+ 56. Kg3 Nf7 57. f4 Nh6 58. Ra5 Nf5+ 59.
Kf3 Nd6 60. Rd5 Nf5 61. Ke4 Nh6 62. f5+ Kg5 63. Rd1 Ng4 64. Rg1 Kh4 65. Rh1+ Kg5 66.
f4# 1-0